 Dungeon Crawl Stone Soup version 0.26.1-11-gd32895ea62 (webtiles) character file.

Game seed: 9791200417811985226

4432 Zeld the Spear-Bearer (level 10, -13/69 HPs)
             Began as a Merfolk Monk on May 25, 2021.
             Was a Believer of Hepliaklqana.
             Mangled by Erolcha
             ... wielding a +8 giant club
              (25 damage)
             ... on level 9 of the Dungeon.
             The game lasted 00:20:39 (13094 turns).

Zeld the Spear-Bearer (Merfolk Monk)               Turns: 13094, Time: 00:20:39

Health: -13/69     AC:  4    Str: 15    XL:     10   Next: 36%
Magic:  10/10      EV: 18    Int:  9    God:    Hepliaklqana [**....]
Gold:   240        SH:  0    Dex: 17    Spells: 9/9 levels left

rFire    . . .     SeeInvis +   b - +0 trident (venom)
rCold    . . .     Faith    .   (no shield)
rNeg     . . .     Spirit   .   C - +0 robe
rPois    .         Reflect  .   (no helmet)
rElec    .         Harm     .   u - +0 cloak
rCorr    .         Rampage  .   s - +0 pair of gloves
Will     .....                  (no boots)
Stlth    ++........             (no amulet)
HPRegen  0.21/turn              p - ring of see invisible
MPRegen  0.12/turn              c - ring of flight

@: no status effects
A: change form in water, swift swim, stealthy swim, reduced essence
a: Renounce Religion, Evoke Flight, Recall Ancestor, Ancestor Identity


You were on level 9 of the Dungeon.
You worshipped Hepliaklqana.
Hepliaklqana was pleased with you.
You visited 2 branches of the dungeon, and saw 10 of its levels.
You also visited: Sewer.

You collected 590 gold pieces.
You spent 350 gold pieces at shops.

Inventory:

Hand Weapons
 a - a +0 trident
 b - a +0 trident of venom (weapon)
Missiles
 q - 50 poisoned darts (quivered)
 r - 9 atropa-tipped darts
Armour
 s - a +0 pair of gloves (worn)
 u - a +0 cloak (worn)
 C - a +0 robe (worn)
Jewellery
 c - a ring of flight (right hand)
 p - a ring of see invisible (left hand)
Wands
 z - a wand of enslavement (11)
 B - a wand of acid (7)
Scrolls
 g - 8 scrolls of remove curse
 k - 11 scrolls of teleportation
 m - 3 scrolls of blinking
 n - 3 scrolls of enchant armour
 v - a scroll of fear
 w - a scroll of amnesia {unknown}
 y - a scroll of magic mapping {unknown}
 A - a scroll of immolation {unknown}
Potions
 d - 3 potions of lignification {unknown}
 e - a potion of degeneration {unknown}
 f - 4 potions of mutation {unknown}
 h - 4 potions of might {unknown}
 i - a potion of attraction {unknown}
 j - 3 potions of magic {unknown}
 l - a potion of curing
 o - 3 potions of heal wounds {unknown}
 t - a potion of brilliance {unknown}
 x - a potion of haste {unknown}


   Skills:
 * Level 6.7 Fighting
 - Level 14.0 Polearms
 - Level 6.0 Throwing
 * Level 8.1 Dodging
 - Level 2.1 Stealth
 * Level 5.1 Evocations


You had 9 spell levels left.
You didn't know any spells.
Your spell library contained the following spells:

 Spells                   Type           Power        Failure   Level
 Freeze                   Ice            0%           38%         1
 Frozen Ramparts          Ice            0%           77%         3
 Ozocubu's Armour         Ice            0%           77%         3
 Hailstorm                Conj/Ice       0%           99%         4
 Summon Ice Beast         Ice/Summ       0%           99%         4


Dungeon Overview and Level Annotations

Branches:
Dungeon (9/15)             Temple (1/1) D:7           Sewer (visited)
   Lair: D:8-11         Orc: D:9-12

Altars:
Ashenzari
Cheibriados
Dithmenos
Elyvilon
Fedhas
Gozag
Hepliaklqana
Kikubaaqudgha
Makhleb
Nemelex Xobeh
Okawaru
Qazlal
Ru
Sif Muna
Trog
Uskayaw
Vehumet
Wu Jian
Xom
Yredelemnul
Zin
The Shining One

Shops:
D:7 }!(?

Annotations:
D:9 Erolcha, Maurice


Message History

You hit Erolcha but do no damage.
Erolcha looks as sick as possible!
Erolcha is lightly wounded.
Erolcha hits you but does no damage.
You hit Erolcha.
Erolcha looks as sick as possible!
Erolcha is moderately wounded.
The phantom blinks!
You hit Erolcha.
Erolcha is heavily wounded.
Erolcha gestures at you while chanting. The stone arrow misses you.
You puncture Erolcha!
Erolcha looks as sick as possible!
Erolcha is severely wounded.
You hit Erolcha.
Erolcha looks as sick as possible!
Erolcha is almost dead.
Erolcha hits you with a +8 giant club!!
* * * LOW HITPOINT WARNING * * *
You barely miss Erolcha.
Erolcha is severely wounded.
You feel better. Erolcha hits you with a +8 giant club!!
You die...

##@ #.##.# ..
#.##.# #> #.##.#
###.#.######.##.##
.........@...ยง...#
##.##.#=YZR......#
>.......####.###W#
........# #.# #O#
##.##.... ..# #@#
#.#....# #### #.#
........ #.#
#..#....# #.#
#>.##.#.# #.# #..
#.# #.# # #.# #.#
.# # # #.##
#.###/#.#.# #..#


You could see Erolcha (extremely poisoned) and a phantom.

Vanquished Creatures
  Pikel (D:5)
  Sigmund (D:5)
  A steam dragon (D:9)
  Edmund (D:5)
  2 orc warriors
  2 sky beasts
  2 black bears (D:9)
  2 ice beasts (D:9)
  6 ogres
  A centaur (D:7)
  A lemure (D:5)
  A big kobold (D:7)
  2 bullfrogs (D:6)
  A wyvern skeleton (D:7)
  4 scorpions
  3 killer bees (D:8)
  A water moccasin skeleton (D:8)
  2 howler monkeys
  7 orc priests
  2 hounds (D:4)
  Crazy Yiuf (D:4)
  7 orc wizards
  A centaur skeleton (D:9)
  3 iguanas
  5 worker ants
  A killer bee zombie (D:9)
  3 hound skeletons
  A worker ant zombie (D:8)
  A howler monkey skeleton (D:6)
  15 adders
  6 gnolls
  A shadow imp (D:6)
  2 white imps (D:8)
  2 ufetubi
  An ooze (D:4)
  5 worms
  5 dart slugs
  5 leopard geckos
  32 orcs
  12 giant cockroaches
  12 goblins
  10 hobgoblins
  11 jackals
  18 kobolds
  2 quokkas
  12 ball pythons
  5 bats
  15 frilled lizards
  A leopard gecko skeleton (D:6)
  A quokka zombie (D:5)
  11 rats
250 creatures vanquished.

Vanquished Creatures (collateral kills)
  An orc warrior (D:8)
  A bullfrog (D:8)
  A scorpion (D:8)
  A howler monkey (D:8)
  A hound (D:8)
  An orc priest (D:8)
  A worker ant zombie (D:9)
  A leopard gecko (D:8)
  An orc (D:8)
9 creatures vanquished.

Vanquished Creatures (others)
  A hexer (D:9)
  A shadow imp (D:9)
  18 plants (Sewer)
20 creatures vanquished.

Grand Total: 279 creatures vanquished

Notes
Turn   | Place    | Note
-------+----------+-------------------------------------------
     0 | D:1      | Zeld the Merfolk Monk began the quest for the Orb.
     0 | D:1      | Reached XP level 1. HP: 18/18 MP: 1/1
    99 | D:1      | Reached skill level 5 in Polearms
   190 | D:1      | Reached XP level 2. HP: 24/24 MP: 2/2
   494 | D:1      | Reached skill level 6 in Polearms
   494 | D:1      | Reached XP level 3. HP: 29/29 MP: 3/3
  1153 | D:2      | Reached XP level 4. HP: 29/35 MP: 4/4
  1232 | D:2      | Reached skill level 7 in Polearms
  2481 | D:2      | Reached skill level 8 in Polearms
  2481 | D:2      | Reached XP level 5. HP: 19/41 MP: 5/5
  3150 | D:3      | Reached skill level 9 in Polearms
  3747 | D:3      | Reached XP level 6. HP: 47/47 MP: 6/6
  4146 | D:4      | Reached skill level 10 in Polearms
  4301 | D:4      | Reached XP level 7. HP: 38/52 MP: 7/7
  4353 | D:4      | Reached skill level 11 in Polearms
  4370 | D:4      | Found a glowing drain.
  4377 | Sewer    | Entered a sewer
  6341 | D:4      | Reached skill level 12 in Polearms
  6797 | D:4      | Found a runed translucent door.
  6798 | D:4      | Noticed Crazy Yiuf
  6806 | D:4      | Killed Crazy Yiuf
  6974 | D:5      | Entered Level 5 of the Dungeon
  7187 | D:5      | Noticed Edmund
  7201 | D:5      | Reached skill level 13 in Polearms
  7201 | D:5      | Reached XP level 8. HP: 58/58 MP: 8/8
  7229 | D:5      | Killed Edmund
  7429 | D:5      | Noticed Sigmund
  8277 | D:5      | Killed Sigmund
  8278 | D:5      | Reached skill level 14 in Polearms
  8339 | D:5      | Noticed Pikel
  8368 | D:5      | Killed Pikel
  8369 | D:5      | Reached skill level 5 in Throwing
  8369 | D:5      | Reached XP level 9. HP: 38/64 MP: 9/9
  9105 | D:6      | Got a brightly glowing bronze ring
  9115 | D:6      | Found a burning altar of Makhleb.
  9115 | D:6      | Noticed a green death
  9239 | D:6      | Identified the ring "Vuomiah" {rN+ MP+9 Str+6 Int-5 Slay+2}
                  | (You found it on level 6 of the Dungeon)
  9308 | D:6      | Reached skill level 1 in Evocations
  9908 | D:7      | Reached skill level 5 in Dodging
  9977 | D:7      | Found Atrakusoma's Weapon Boutique.
 10204 | D:7      | Found Kople's Gadget Shop.
 10207 | D:7      | Bought a wand of enslavement (11) for 169 gold pieces
 10207 | D:7      | Bought a wand of random effects (14) for 104 gold pieces
 10210 | D:7      | Found a glowing silver altar of Zin.
 10249 | D:7      | Found a hide-covered altar of Uskayaw.
 10347 | D:7      | Found Cibrotog's Magic Scroll Shop.
 10356 | D:7      | Bought a scroll of remove curse for 33 gold pieces
 10356 | D:7      | Bought a scroll of identify for 22 gold pieces
 10356 | D:7      | Bought a scroll of identify for 22 gold pieces
 10643 | D:7      | Found Yqete's Distillery.
 10709 | D:7      | Found a staircase to the Ecumenical Temple.
 10757 | Temple   | Entered the Ecumenical Temple
 10811 | Temple   | Became a worshipper of Hepliaklqana the Forgotten
 10811 | Temple   | Reached * piety under Hepliaklqana
 10811 | Temple   | Reached ** piety under Hepliaklqana
 10815 | Temple   | Remembered your ancestor Zeld as a hexer
 10884 | D:8      | Reached skill level 5 in Fighting
 11558 | D:8      | Found an opulent altar of Gozag.
 11593 | D:8      | Reached XP level 10. HP: 65/67 MP: 10/10
 13014 | D:9      | Noticed Maurice
 13037 | D:9      | Reached skill level 5 in Evocations
 13066 | D:9      | Noticed Erolcha
 13092 | D:9      | HP: 2/69 [Erolcha/+8 giant club (33)]
 13094 | D:9      | Mangled by Erolcha

Illustrated notes

Levels and vault maps discovered:
D:1:      dpeg_arrival_morbid_curiosity, layout_basic, feat_on_display
D:2:      kennysheep_big_flooded_room, layout_basic
D:3:      layout_loops_ring, amcnicky_mini_pool_small, saegor_snake_ambush
D:4:      layout_basic, cheibrodos_sewer_entry_drain, uniq_crazy_yiuf_cottage
D:5:      layout_rooms, uniq_sigmund, uniq_pikel, uniq_edmund
D:6:      minmay_diamond_boxcup, layout_rooms, makhleb_altar_promises_db
D:7:      layout_gridville, kennysheep_mini, temple_fountains, serial_shops,
          shop, kennysheep_mini_moat, nicolae_shop_trees, shop_fountains,
          basic_altar
D:8:      layout_basic, basic_altar, kennysheep_generic_room_7
D:9:      layout_loops_ring, uniq_erolcha, uniq_maurice
Temple:   grunt_wide_crystal_templ

Skill      XL: |  1  2  3  4  5  6  7  8  9 10 |
---------------+-------------------------------+-----
Polearms       | 5 6 8 9 10 13 14 | 14.0
Throwing       | 5 6 |  6.0
Evocations     | 3 5 |  5.1
Fighting       | 5 6 |  6.7
Dodging        | 6 8 |  8.1
Stealth        | |  2.1

Action                   |  1- 3 |  4- 6 |  7- 9 | 10-12 || total
-------------------------+-------+-------+-------+-------++-------
Melee: Spear             |   113 |   117 |       |       ||   230
       Tailslap          |     6 |       |     4 |       ||    10
       Trident           |       |   135 |   463 |   158 ||   756
Invok: Ancestor Life: He |       |       |     1 |       ||     1
       Ancestor Identity |       |       |     1 |       ||     1
  Use: Scroll            |       |       |    10 |     1 ||    11
       Potion            |       |       |       |     1 ||     1
 Stab: Sleeping          |     3 |    22 |     8 |     3 ||    36
       Distracted        |       |       |     2 |       ||     2
Armor: Robe              |     2 |    24 |    14 |    12 ||    52
Dodge: Dodged            |    51 |   112 |   177 |    73 ||   413
